 Dungeon Crawl Stone Soup version 0.17-a0-1663-gb806841 (webtiles) character file.

40 Kidiri the Charlatan (level 3, 0/20 HPs)
             Began as a Gargoyle Artificer on Aug 16, 2015.
             Slain by Sigmund
             ... wielding a +0 scythe
              (2 damage)
             ... on level 2 of the Dungeon.
             The game lasted 00:05:22 (1311 turns).

Kidiri the Charlatan (Gargoyle Artificer)           Turns: 1311, Time: 00:05:22

Health: 0/20       AC: 14    Str: 15    XL:     3   Next: 50%
Magic:  5/5        EV:  9    Int: 12    God:
Gold:   85         SH:  0    Dex: 15    Spells: 0 memorised, 2 levels left

rFire  . . .     SeeInvis .     a - +0 short sword
rCold  . . .     Clarity  .     g - +1 plate armour
rNeg   + . .     SustAt   .     (no shield)
rPois  ∞         Gourm    .     (no helmet)
rElec  +         Spirit   .     (no cloak)
rCorr  .         Warding  .     (no gloves)
rMut   .         Stasis   .     (no boots)
MR     .....                    (no amulet)
Stlth  ..........               (no ring)
                                (no ring)

@: agile, very slightly contaminated, invisible, not resistant to hostile
enchantments, extremely unstealthy
A: negative energy resistance 1, electricity resistance, unbreathing,
petrification resistance, rot immunity, AC +3
a: no special abilities


You were on level 2 of the Dungeon.
You were not hungry.

You visited 1 branch of the dungeon, and saw 2 of its levels.

You collected 85 gold pieces.

Inventory:

Hand weapons
 a - a +0 short sword (weapon)
Armour
 g - a +1 plate armour (worn)
Magical devices
 c - a wand of flame (12)
 d - a wand of enslavement (15)
 e - a wand of random effects (11)
Potions
 i - a potion of haste
 o - a potion of magic
Comestibles
 f - a bread ration
 j - a slice of pizza
 k - a meat ration
 m - 3 fruits


   Skills:
 + Level 1.5 Fighting
 * Level 1.4 Short Blades
 * Level 1.4 Armour
 + Level 1.9 Dodging
 + Level 1.6 Stealth
 * Level 2.8 Evocations


You had 2 spell levels left.
You didn't know any spells.

Dungeon Overview and Level Annotations

Branches:
Dungeon (2/15)

Altars:

Annotations:
D:2 Sigmund


Innate Abilities, Weirdness & Mutations

You are resistant to torment.
Your stone body is resilient (AC +3).
You are immune to poison.
You resist negative energy.
You are resistant to electric shocks.
You can survive without breathing.
You are immune to petrification.
You are immune to rotting.


Message History

Okay, then.
Unknown command.
Drink which item? (? for menu, Esc to quit)
You fade into invisibility!
Something hits you but does no damage.
You are very lightly contaminated with residual magic.
You are feeling hungry.
Eat which item? (? for menu, Esc to quit)
Something completely misses you.
You continue eating.
Something hits you but does no damage.
You continue eating.
You finish eating.
That royal jelly was delicious!
You feel less confused.
You hear some strange, mumbled words.
A puff of flame appears from out of thin air!
The puff of flame misses you.
You are too injured to fight recklessly!
Something hits you.
You die...

.. #.# .. # ###. #.# #.. .
... #.# #..##.
###.#######.# #...#.
#..#.....(..##
##.#...#####.#.###.......
............#...........
........#####.###.......
.##.##.##@##..............
.......).(......###.......
#.###..##...(..........)..
#.. #..#.######....... #..
#...... #.#.....
#....[...### #.#.....
#.####.##.. ..#..... #.
#.# .## >........ #< #.#
.# #####.....


There were no monsters in sight!

Vanquished Creatures
  An adder (D:2)
  2 worms (D:2)
  4 bats (D:1)
  A hobgoblin (D:2)
  2 quokkas (D:2)
  A ball python (D:1)
  3 giant cockroaches (D:1)
  A giant newt (D:1)
  2 goblins
  4 kobolds
  5 rats (D:1)
26 creatures vanquished.

Notes
Turn   | Place    | Note
--------------------------------------------------------------
     0 | D:1      | Kidiri the Gargoyle Artificer began the quest for the Orb.
     0 | D:1      | Reached XP level 1. HP: 12/12 MP: 2/2
   135 | D:1      | Reached skill level 1 in Short Blades
   233 | D:1      | Reached XP level 2. HP: 12/16 MP: 4/4
   857 | D:2      | Reached skill level 1 in Armour
   857 | D:2      | Reached XP level 3. HP: 18/20 MP: 5/5
  1282 | D:2      | Noticed Sigmund
  1301 | D:2      | HP: 1/20 [something/puff of flame (11)]
  1311 | D:2      | Slain by Sigmund

Vault maps used:
D:1:      eino_arrival_cavern_c
D:2:      trog_book, uniq_terence, uniq_sigmund, uniq_jessica

Action                   || total
-------------------------++-------
Melee: Short sword       ||   153
Evoke: Wand              ||     7
  Use: Scroll            ||     5
       Potion            ||     3
  Eat: Royal jelly       ||     1
       Chunk             ||     1
